 Dungeon Crawl Stone Soup version 0.31-a0-968-g24f9ace8b5 (webtiles) character file.

Game seed: 8771909343648505190

121 Maxmaps the Changeling (level 5, 0/33 HPs)
             Began as an Octopode Shapeshifter on Oct 28, 2023.
             Slain by an orc priest
             ... wielding a +0 hand axe
              (7 damage)
             ... on level 3 of the Dungeon.
             The game lasted 00:01:29 (1771 turns).

Maxmaps the Changeling (Octopode Shapeshifter)      Turns: 1771, Time: 00:01:30

Health: 0/33       AC:  1    Str: 19    XL:     5   Next: 5%
Magic:  5/5        EV: 13    Int: 14    God:
Gold:   90         SH:  0    Dex: 12    Spells: 4/4 levels left

rFire   . .          .
                       - Unarmed
rCold   . . .        (no shield)
rNeg    . . .        (helmet currently unavailable)
rPois   .            (no amulet)
rElec   .            e - +6 ring of strength
rCorr   .            (no ring)
SInv    .            (no ring)
Will    .....        (no ring)
Stlth   ++           (no ring)
HPRegen 0.25/turn    (no ring)
MPRegen 0.09/turn    (no ring)
                     (no ring)

%: no passive effects
@: mighty, beast-form
A: beast (slay +3), almost no armour, amphibious, 8 rings, camouflage 1,
gelatinous body 1, (nimble swimmer 1), tentacles
a: Begin Untransformation


You were on level 3 of the Dungeon.
You were a hulking beast.
You visited 1 branch of the dungeon, and saw 3 of its levels.

You collected 90 gold pieces.

Inventory:

Jewellery
 e - a +6 ring of strength (left tentacle)
Talismans
 b - a beast talisman
 c - a flux talisman
Scrolls
 d - a scroll of fear {unknown}
 g - a scroll of vulnerability {unknown}
 i - a scroll of blinking {unknown}
 j - a scroll of identify {unknown}
 k - a scroll of amnesia {unknown}
 l - a scroll of fog {unknown}
Potions
 f - a potion of magic


   Skills:
 - Level 1.0 Fighting
 - Level 2.0 Dodging
 - Level 3.0 Unarmed Combat
 + Level 5.2 Shapeshifting


You had 4 spell levels left.
You didn't know any spells.
Your spell library contained the following spells:

 Spells                   Type           Power      Damage    Failure   Level
 Hailstorm                Conj/Ice       0%         3d3       65%         3
 Summon Ice Beast         Ice/Summ       0%         N/A       96%         4
 Simulacrum               Ice/Necr       0%         N/A       100%        6


Dungeon Overview and Level Annotations

Branches:
Dungeon (3/15)

Altars:


Innate Abilities, Weirdness & Mutations

You are a hulking beast.
Your limbs bulge with bestial killing power. (Slay +3)
You cannot wear most types of armour.
You are amphibious.
You can wear up to eight rings at the same time.
Your skin changes colour to match your surroundings (Stealth+).
Your rubbery body absorbs attacks. (AC +1, EV +1)
((You are camouflaged when in or above water. (Stealth+)))
You have tentacles for arms and can constrict up to eight enemies at once.


Message History

No reachable target in view! 3 orcs come into view.
The orc wizard shouts!
The orc moves out of view.
The orc priest shouts!
The orc shouts!
The orc priest mumbles some strange prayers to Beogh against you.
Beogh smites you!
There are monsters nearby!
The orc priest miscasts a cantrip.
There are monsters nearby!
The orc priest calls down the wrath of Beogh upon you.
Beogh smites you!
It was a potion of magic.
Magic courses through your body.
It was a potion of might.
You feel very mighty all of a sudden.
You tentacle-slap the orc. You grab the orc. You squeeze the orc.
You kill the orc!
The orc closely misses you.
You barely miss the orc. You grab the orc. You constrict the orc.
The orc hits you with a +0 war axe. The orc closely misses you.
You are too injured to fight recklessly!
You are too injured to fight recklessly!
You are too injured to fight recklessly!
You barely miss the orc. You grab the orc. You constrict the orc. x2
The orc misses you. The orc hits you with a +0 flail!
* * * LOW HITPOINT WARNING * * *
You bludgeon the orc!
You kill the orc!
You constrict the orc. The orc closely misses you.
The orc priest begins to cast a cantrip, but forgets the words!
You bludgeon the orc!
You kill the orc!
You constrict the orc. The orc closely misses you.
The orc priest miscasts a cantrip.
You bludgeon the orc priest! You grab the orc priest.
The orc priest is heavily wounded.
You constrict the orc priest. You constrict the orc.
You kill the orc!
The orc priest hits you with a +0 hand axe!
You die...

#)## ##$⌠$###.#
###)#
##.....##.#
..#.#
#.......#.#
..#.#
#...o...#.#
..#.#
#....oo.#.#
..#.#
#.......#.#
.)#.#
#....o.o#.#
..#.##
#.....oo#.#
###..#
#.......#h#
##.#.......ooo)#
#.#####...#####
#.# #..## #.#
##. #.# #.
####.# ## ##
.....#######...
.............#


You could see 2 orc priests and an orc wizard.

Vanquished Creatures
  A sleepcap (D:3)
  3 gnolls (D:3)
  An adder (D:3)
  5 dart slugs
  4 orcs (D:3)
  4 bats
  4 endoplasms
  3 goblins (D:1)
  A hobgoblin (D:2)
  3 kobolds
  A quokka (D:2)
  6 ball pythons
  2 frilled lizards (D:1)
  9 rats
47 creatures vanquished.

Notes
Turn   | Place    | Note
-------+----------+-------------------------------------------
     0 | D:1      | Maxmaps the Octopode Shapeshifter began the quest for the
                  | Orb.
     0 | D:1      | Reached XP level 1. HP: 13/13 MP: 1/1
    88 | D:1      | Reached XP level 2. HP: 18/18 MP: 2/2
   655 | D:1      | Reached skill level 4 in Shapeshifting
   655 | D:1      | Reached XP level 3. HP: 20/23 MP: 3/3
  1467 | D:2      | Identified the +4 ring mail of Gluttony {Str+3}
  1529 | D:3      | Identified the "Quzuem"
  1529 | D:3      | Identified the of Ashroac
  1529 | D:3      | Identified the of Gaexypip
  1622 | D:3      | Reached XP level 4. HP: 28/28 MP: 4/4
  1637 | D:3      | Reached skill level 5 in Shapeshifting
  1732 | D:3      | Reached XP level 5. HP: 33/33 MP: 5/5
  1771 | D:3      | Slain by an orc priest

Illustrated notes

Levels and vault maps discovered:
D:1:      onia_arrival_handbag, layout_basic
D:2:      layout_loops_cross, grunt_ministairs_5
D:3:      cheibrodos_pilgrimage, layout_basic, nicolae_sif_muna_little_library

Skill      XL: |  1  2  3  4 |
---------------+-------------+-----
Shapeshifting  | 4 5 |  5.2
Fighting       | |  1.0
Dodging        | |  2.0
Unarmed Combat | |  3.0

Action                     |  1- 3 |  4- 6 || total
---------------------------+-------+-------++-------
  Melee: Unarmed           |    52 |    22 ||    74
         Constrict         |    11 |     7 ||    18
         Tentacles         |     9 |     4 ||    13
         Punch             |     1 |       ||     1
    Use: Potion            |       |     3 ||     3
   Stab: Sleeping          |     8 |       ||     8
 Armour: Skin              |    11 |    13 ||    24
  Dodge: Dodged            |    21 |     7 ||    28

Table legend: (Time is in decaauts)
 A = Elapsed time spent in this place.
 B = Non-inter-level travel time spent in this place.
 C = Inter-level travel time spent in this place.
 D = Time resting spent in this place.
 E = Time spent auto-exploring this place.
 F = Levels seen in this place.
 G = Mean time per level.
                   A        B        C        D        E       F      G
               +--------+--------+--------+--------+--------+-----+--------+
         Total |   1766 |   1729 |     37 |     71 |   1396 |   3 |  588.7 |
       Dungeon |   1766 |   1729 |     37 |     71 |   1396 |   3 |  588.7 |
               +--------+--------+--------+--------+--------+-----+--------+

Top non-repeatable levels by time:
     D:1: 868 daAuts
     D:2: 657 daAuts
     D:3: 240 daAuts
